 Dungeon Crawl Stone Soup version 0.25-a0-287-g56a5b49892 (webtiles) character file.

Game seed: 3271052975813280296, levelgen mode: deterministic

17294 floatRand the Covert (level 12, -1/81 HPs)
             Began as a Formicid Fighter on Dec 12, 2019.
             Was an Elder of Nemelex Xobeh.
             Killed from afar by an acid dragon (5 damage)
             ... with a splash of acid
             ... on level 2 of the Lair of Beasts.
             The game lasted 00:17:28 (12320 turns).

floatRand the Covert (Formicid Fighter)            Turns: 12320, Time: 00:17:29

Health: -1/81      AC:  9    Str: 22    XL:     12   Next: 80%
Magic:  0/28       EV: 12    Int:  8    God:    Nemelex Xobeh [****..]
Gold:   524        SH: 14    Dex: 14    Spells: 11/11 levels left

rFire    . . .     SeeInvis +   H - +2 scimitar (flame)
rCold    . . .     Gourm    .   x - +2 shield
rNeg     . . .     Faith    .   b - +0 scale mail
rPois    .         Spirit   +   (helmet unavailable)
rElec    .         Reflect  .   (no cloak)
rCorr    .         Harm     .   (no gloves)
MR       +....                  B - +0 pair of boots {run}
Stlth    ++++......             s - amulet of guardian spirit
HPRegen  0.23/turn              G - ring of magical power
MPRegen  0.21/turn              (no ring)

@: studying Armour, quick
A: permanent stasis, dig shafts and tunnels, four strong arms, antennae 3
a: Dig, Shaft Self, Draw Escape, Draw Destruction, Draw Summoning, Triple Draw,
Deal Four, Renounce Religion


You were on level 2 of the Lair of Beasts.
You worshipped Nemelex Xobeh.
Nemelex Xobeh was greatly pleased with you.
You were not hungry.

You visited 3 branches of the dungeon, and saw 14 of its levels.

You collected 664 gold pieces.
You spent 140 gold pieces at shops.

Inventory:

Hand Weapons
 a - a +0 long sword
 k - a +3 dagger
 r - the +7 captain's cutlass {speed, disarm}
   (You found it on level 4 of the Dungeon)

   Attacks with this weapon are significantly faster.
 D - a +2 spear of venom
 H - a +2 scimitar of flaming (weapon)
Armour
 b - a +0 scale mail (worn)
 c - a +1 shield
 x - a +2 shield (worn)
 B - a +0 pair of boots of running (worn)
 F - a +1 pair of boots
Jewellery
 p - an uncursed ring of fire
 s - an amulet of guardian spirit (around neck)
 w - the cursed ring "Bulaoqud" {EV-3 Slay+2}
   (You found it on level 6 of the Dungeon)

   [ring of evasion]

   It affects your evasion (-3).
   It affects your accuracy and damage with ranged weapons and melee attacks
   (+2).
   It has a curse placed upon it.
 z - an uncursed ring of flight
 G - a ring of magical power (left hand)
 I - an uncursed ring of fire
Wands
 u - a wand of flame (45)
 v - a wand of paralysis (11)
 y - a wand of disintegration (15)
 J - a wand of iceblast (9)
Scrolls
 e - 10 scrolls of remove curse
 i - 4 scrolls of fog
 o - a scroll of identify
 t - 4 scrolls of magic mapping
 C - a scroll of enchant armour
 L - a scroll of silence
Potions
 d - 3 potions of might
 g - 6 potions of curing
 h - 2 potions of degeneration
 j - 5 potions of heal wounds {unknown}
 m - a potion of berserk rage
 n - 4 potions of lignification
 q - 3 potions of haste {unknown}
 A - 3 potions of ambrosia {unknown}
 E - a potion of flight {unknown}
 K - a potion of agility {unknown}
Books
 l - a manual of Armour
Comestibles
 f - 22 rations


   Skills:
 - Level 3.2 Fighting
 + Level 10.3 Long Blades
 + Level 7.5 Armour
 + Level 4.7 Dodging
 + Level 12.7 Stealth
 - Level 10.7 Shields
 + Level 10.1 Invocations


You had 11 spell levels left.
You didn't know any spells.
Your spell library contained the following spells:

 Spells                   Type           Power        Failure   Level  Hunger
 Confusing Touch          Hex            #.....       71%         1    ##.....
 Foxfire                  Conj/Fire      #...         71%         1    ##.....
 Confuse                  Hex            #.......     97%         3    ####...
 Conjure Flame            Conj/Fire      #.......     97%         3    ####...
 Gell's Gravitas          Tloc           #.........   97%         3    ####...
 Inner Flame              Hex/Fire       #.......     97%         3    ####...
 Petrify                  Tmut/Erth      #.......     100%        4    #####..
 Sticky Flame             Conj/Fire      #.......     100%        4    #####..
 Fireball                 Conj/Fire      #.........   100%        5    ######.
 Metabolic Englaciation   Hex/Ice        #.........   100%        5    ######.
 Yara's Violent Unravell  Hex/Tmut       #.........   100%        5    ######.


Dungeon Overview and Level Annotations

Branches:
Dungeon (11/15)            Temple (1/1) D:5            Lair (2/6) D:9
    Orc (0/2) D:10
  Swamp: Lair:2-4    Shoals: Lair:2-4     Snake: Lair:2-4    Spider: Lair:2-4

Altars:
Ashenzari
Cheibriados
Dithmenos
Elyvilon
Fedhas
Gozag
Makhleb
Nemelex Xobeh
Okawaru
Qazlal
Ru
Trog
Uskayaw
Vehumet
Wu Jian
Xom
Yredelemnul
Zin
The Shining One

Shops:
D:6 *   D:9 [

Annotations:
D:7 1 runed translucent door, Crazy Yiuf


Innate Abilities, Weirdness & Mutations

You cannot be hasted, slowed, berserked, paralysed or teleported.
You can dig through walls and to a lower floor.
Your four strong arms can wield two-handed weapons with a shield.
You have a pair of large antennae on your head. (SInv)


Message History

The unseen horror hits you.
* * * LOW HITPOINT WARNING * * *
The golden eye blinks at you. You resist with almost no effort.
The unseen horror closely misses you.
Unknown command.
Okay, then.
Okay, then.
You draw a card...
You have drawn the Dance.
The unseen horror hits you but does no damage.
A yak comes into view.
You block the acid dragon's attack. The acid dragon closely misses you.
Unknown command.
Unknown command.
The unseen horror barely misses you.
Your -2 hand axe of Absolution {pain, rPois rF+ MP-9} hits the acid dragon!
Your -2 hand axe of Absolution {pain, rPois rF+ MP-9} closely misses the steam dragon.
The acid dragon spits acid at you. The splash of acid hits you!
You die...
Your body glows slightly and disappears.

..# #..#...##....
....##.........##
#..#...8...8...#.
.+........<.......
........8...8...#.
#..#...........#.
. #.....#...#..#..
..##....##.#.....#
....##..x.@.....##
.....###.DD..####
.......##p(###
......{G†..#
.......##.##
.....Y{ ###
....... ...Y.Y#
....Y#


You could see an unseen horror (invisible), a human, a steam dragon, an acid
dragon and a friendly -2 hand axe of Absolution {pain, rPois rF+ MP-9}.

Vanquished Creatures
  Harold (D:7)
  A hydra (Lair:2)
  Erica (Lair:1)
  The ghost of shennanigan the Cleaver, a novice DrBe of Trog (D:11)
  Sonja (D:10)
  Joseph (D:10)
  2 spiny frogs (Lair:1)
  A centaur skeleton (D:8)
  2 komodo dragons
  A red devil (D:11)
  Prince Ribbit (D:8)
  Grinder (D:6)
  2 centaur simulacra (D:11)
  A shadow (D:11)
  2 wraiths
  2 wyverns
  A human (D:7)
  3 hogs (D:7)
  A hungry ghost (D:9)
  Grum (D:11)
  14 yaks
  A steam dragon (D:9)
  A naga (D:11)
  A porcupine (Lair:1)
  3 water moccasins
  8 orc warriors
  5 ice beasts
  4 eyes of draining
  2 black bears
  3 sky beasts
  4 phantoms
  A necrophage (D:11)
  7 centaurs
  11 ogres
  3 wolves (D:11)
  3 bullfrogs
  A gnoll sergeant (D:10)
  A wyvern zombie (D:9)
  6 scorpions
  4 killer bees (D:8)
  3 wights (D:9)
  2 howler monkeys
  An electric eel (Lair:1)
  A bullfrog zombie (D:7)
  The ghost of p0werm0de the Firebug, a weakling TeFE (D:3)
  A quasit (D:8)
  2 centaur zombies
  3 bullfrog skeletons
  5 orc priests
  5 hounds
  5 jellies
  8 orc wizards
  Jessica (D:2)
  5 iguanas
  8 worker ants
  A bullfrog simulacrum (D:11)
  2 worker ant zombies (D:9)
  4 adders
  9 gnolls
  A hound simulacrum (D:3)
  A shadow imp (D:7)
  A river rat (D:7)
  A white imp (D:11)
  4 worker ant simulacra
  4 oozes
  2 adder zombies
  2 worms
  An adder simulacrum (D:3)
  4 dart slugs
  8 leopard geckos
  35 orcs
  2 ball pythons
  5 bats
  3 giant cockroaches
  11 goblins
  5 hobgoblins
  3 quokkas
  17 frilled lizards
  A giant cockroach zombie (D:2)
  A jackal skeleton (D:2)
  4 kobolds
  A leopard gecko skeleton (D:5)
  A quokka skeleton (D:2)
  A quokka zombie (D:9)
  6 rats
302 creatures vanquished.

Vanquished Creatures (others)
  A two-headed ogre (D:10)
  A wolf (D:11)
  3 plants (D:9)
5 creatures vanquished.

Grand Total: 307 creatures vanquished

Notes
Turn   | Place    | Note
-------+----------+-------------------------------------------
     0 | D:1      | floatRand the Formicid Fighter began the quest for the Orb.
     0 | D:1      | Reached XP level 1. HP: 18/18 MP: 1/1
    43 | D:1      | Reached skill level 1 in Stealth
    43 | D:1      | Reached XP level 2. HP: 21/24 MP: 2/2
   574 | D:1      | Reached XP level 3. HP: 27/29 MP: 3/3
   827 | D:2      | Noticed Jessica
   837 | D:2      | Killed Jessica
   837 | D:2      | Reached skill level 2 in Stealth
   837 | D:2      | Reached XP level 4. HP: 2/35 MP: 4/4
  1566 | D:3      | Noticed p0werm0de's ghost (weakling TeFE)
  1646 | D:3      | Found a runed translucent gate.
  1646 | D:3      | Found a runed translucent gate.
  1647 | D:3      | Found a runed translucent gate.
  1663 | D:3      | Reached XP level 5. HP: 39/41 MP: 5/5
  1693 | D:3      | Reached skill level 3 in Stealth
  1744 | D:3      | Found a blossoming altar of Fedhas.
  2133 | D:3      | Found a stormy altar of Qazlal.
  2323 | D:3      | Killed p0werm0de's ghost
  2323 | D:3      | Reached skill level 5 in Shields
  2831 | D:4      | Found the +7 captain's cutlass {speed, disarm}
  2891 | D:4      | Reached XP level 6. HP: 36/47 MP: 6/6
  3072 | D:4      | Noticed a phantom
  3083 | D:4      | Killed a phantom
  3083 | D:4      | Reached skill level 4 in Stealth
  3369 | D:4      | Found a shattered altar of Ashenzari.
  3547 | D:5      | Entered Level 5 of the Dungeon
  3552 | D:5      | Noticed a sky beast
  3566 | D:5      | Killed a sky beast
  3566 | D:5      | Reached XP level 7. HP: 45/52 MP: 7/7
  3569 | D:5      | Found an ornate altar of the Wu Jian Council.
  3577 | D:5      | Reached skill level 5 in Stealth
  3865 | D:5      | Found a basalt altar of Yredelemnul.
  3892 | D:5      | Reached skill level 5 in Long Blades
  4145 | D:5      | Found a bloodstained altar of Trog.
  4154 | D:5      | Reached skill level 6 in Stealth
  4154 | D:5      | Reached XP level 8. HP: 58/58 MP: 8/8
  4221 | D:5      | Found a bloodstained altar of Trog.
  4288 | D:5      | Found a staircase to the Ecumenical Temple.
  4301 | Temple   | Entered the Ecumenical Temple
  4318 | Temple   | Became a worshipper of Nemelex Xobeh the Trickster
  4373 | D:5      | Reached skill level 7 in Stealth
  4373 | D:5      | Reached skill level 1 in Invocations
  4682 | D:6      | Received a gift from Nemelex Xobeh
  4682 | D:6      | Found a glowing golden altar of the Shining One.
  4683 | D:6      | Found an iron altar of Okawaru.
  4720 | D:6      | Found Leeherun's General Store.
  4723 | D:6      | Bought a scroll of identify for 28 gold pieces
  4723 | D:6      | Bought a potion of curing for 42 gold pieces
  4723 | D:6      | Bought a scroll of identify for 28 gold pieces
  4723 | D:6      | Bought a scroll of remove curse for 42 gold pieces
  4824 | D:6      | Reached XP level 9. HP: 59/64 MP: 8/10
  4918 | D:6      | Noticed Grinder
  4938 | D:6      | Killed Grinder
  4938 | D:6      | Reached skill level 8 in Stealth
  5106 | D:6      | Got a vibrating glass ring
  5116 | D:6      | Identified the cursed ring "Bulaoqud" {EV-3 Slay+2} (You
                  | found it on level 6 of the Dungeon)
  5424 | D:6      | Found a shimmering altar of Xom.
  5431 | D:6      | Found a shimmering altar of Xom.
  5434 | D:6      | Found a shimmering altar of Xom.
  5620 | D:7      | Reached skill level 5 in Invocations
  5630 | D:7      | Reached skill level 9 in Stealth
  5875 | D:7      | Reached XP level 10. HP: 54/70 MP: 13/13
  6299 | D:7      | Reached * piety under Nemelex Xobeh
  6322 | D:7      | Noticed Harold
  6336 | D:7      | Killed Harold
  6336 | D:7      | Reached skill level 10 in Stealth
  6336 | D:7      | Reached skill level 10 in Shields
  7151 | D:7      | Found a runed translucent door.
  7152 | D:7      | Noticed Crazy Yiuf
  7260 | D:8      | Received a gift from Nemelex Xobeh
  7417 | D:8      | Reached XP level 11. HP: 68/75 MP: 16/16
  7718 | D:8      | Noticed Prince Ribbit
  7734 | D:8      | Killed Prince Ribbit
  7839 | D:8      | Reached ** piety under Nemelex Xobeh
  7839 | D:8      | Received a gift from Nemelex Xobeh
  7956 | D:9      | Found an opulent altar of Gozag.
  7957 | D:9      | Found Lavveu Urie's Armour Shoppe.
  7972 | D:9      | Found a staircase to the Lair.
  8026 | D:9      | Reached skill level 11 in Stealth
  8385 | D:9      | Reached skill level 1 in Dodging
  8439 | D:9      | Found a shimmering altar of Xom.
  8788 | D:9      | Received a gift from Nemelex Xobeh
  9280 | D:10     | Entered Level 10 of the Dungeon
  9338 | D:10     | Noticed Joseph
  9346 | D:10     | Killed Joseph
  9490 | D:10     | Reached *** piety under Nemelex Xobeh
  9661 | D:10     | Received a gift from Nemelex Xobeh
  9723 | D:10     | Noticed Sonja
  9726 | D:10     | Killed Sonja
  9772 | D:10     | Noticed a two-headed ogre
  9793 | D:10     | Killed a two-headed ogre
  9793 | D:10     | Reached skill level 5 in Armour
  9844 | D:10     | Identified 2 scrolls of acquirement
  9861 | D:10     | Identified a +0 pair of boots of running (You acquired it
                  | on level 10 of the Dungeon)
  9900 | D:10     | Reached XP level 12. HP: 81/81 MP: 18/18
 10066 | D:10     | Found a staircase to the Orcish Mines.
 10118 | D:11     | Received a gift from Nemelex Xobeh
 10118 | D:11     | Noticed Grum
 10147 | D:11     | Killed Grum
 10161 | D:11     | Reached skill level 12 in Stealth
 10332 | D:11     | Found a glowing golden altar of the Shining One.
 10527 | D:11     | Received a gift from Nemelex Xobeh
 10602 | D:11     | Reached **** piety under Nemelex Xobeh
 10663 | D:11     | Found a runed translucent gate.
 10663 | D:11     | Found a runed translucent gate.
 10664 | D:11     | Found a runed translucent gate.
 10751 | D:11     | Noticed shennanigan's ghost (novice DrBe)
 11105 | D:11     | Killed shennanigan's ghost
 11105 | D:11     | Reached skill level 10 in Long Blades
 11271 | Lair:1   | Entered Level 1 of the Lair of Beasts
 11474 | Lair:1   | Received a gift from Nemelex Xobeh
 11921 | Lair:1   | Reached skill level 10 in Invocations
 12207 | Lair:1   | Noticed Erica
 12210 | Lair:1   | Killed Erica
 12290 | Lair:2   | Noticed a five-headed hydra
 12311 | Lair:2   | Killed a three-headed hydra
 12316 | Lair:2   | Noticed an unseen horror
 12316 | Lair:2   | a hippogriff changed into an unseen horror
 12318 | Lair:2   | HP: 4/81 [unseen horror (3)]
 12319 | Lair:2   | Identified the -2 hand axe of Absolution {pain, rPois rF+
                  | MP-9}
 12320 | Lair:2   | Killed from afar by an acid dragon

Levels and vault maps discovered:
D:1:      dpeg_arrival_arbitrary_c, layout_basic, hex_large, minmay_lizard_pond
D:2:      layout_rooms, serial_undead, serial_undead_c, serial_undead_b,
          serial_undead_f, serial_undead_f, serial_undead_c, serial_undead_d,
          uniq_jessica
D:3:      layout_basic, lemuel_round_altar, first_ration, gammafunk_ghost_icy,
          fedhas_altar_fruit_tree
D:4:      layout_cave_pools, old_standard_altar, kennysheep_boxes
D:5:      layout_rooms, lemuel_round_altar, overflow_temple_1_default,
          lemuel_round_altar, minmay_temple_entry_gardened_gates,
          trog_eyes_of_draining
D:6:      layout_rooms, grunt_temple_overflow_open, serial_shops,
          kennysheep_mini_moat, minmay_misc_feat_encased, xom_redecorated,
          uniq_grinder
D:7:      layout_loops_ring, grunt_livestock, uniq_crazy_yiuf_cottage,
          uniq_harold
D:8:      layout_gridville, uniq_prince_ribbit1
D:9:      layout_gridville, lemuel_coloured_pillars_altar,
          nicolae_gozag_cash_rules_everything_around_me, david_lair_shrubbed,
          serial_shops, shop
D:10:     layout_irregular_city, orc_0_dummy, statue_in_the_mist_lemuel,
          uniq_sonja, uniq_joseph
D:11:     layout_cave_pools, basic_altar, gammafunk_ghost_icy, uniq_grum
Temple:   cyrus_circular_temple
Lair:1:   layout_regular_city, st_stairs_10, nicolae_lair_grove_arrangements,
          eino_small_chamber_without_monster, serial_bayou_shore_a, uniq_erica
Lair:2:   layout_gridlike, grunt_megastairs_2

Skill      XL: |  1  2  3  4  5  6  7  8  9 10 11 12 |
---------------+-------------------------------------+-----
Stealth        | 1 2 3 4 6 7 9 10 11 12 | 12.7
Shields        | 4 5 6 7 9 10 | 10.7
Long Blades    | 3 4 5 6 7 8 9 10 | 10.3
Invocations    | 2 5 7 9 10 | 10.1
Dodging        | 3 4 |  4.7
Armour         | 5 7 |  7.5
Fighting       | |  3.2

Action                   |  1- 3 |  4- 6 |  7- 9 | 10-12 || total
-------------------------+-------+-------+-------+-------++-------
Melee: Long sword        |    66 |   115 |       |       ||   181
       Cutlass           |       |    34 |   248 |   622 ||   904
       Scimitar          |       |       |       |    13 ||    13
 Abil: Draw Destruction  |       |       |     3 |    17 ||    20
       Draw Summoning    |       |       |       |     2 ||     2
  Use: Potion            |       |       |     1 |       ||     1
       Scroll            |       |       |    12 |     6 ||    18
 Stab: Sleeping          |       |       |     2 |    10 ||    12
       Distracted        |       |       |       |     1 ||     1
       Petrified         |       |       |       |     2 ||     2
  Eat: Chunk             |       |     8 |     8 |    11 ||    27
       Ration            |       |       |       |     3 ||     3
Armor: Scale mail        |    33 |    41 |    23 |    91 ||   188
Dodge: Dodged            |    31 |    37 |    43 |   115 ||   226
Block: Shield            |    41 |    65 |    84 |   292 ||   482
       Rpst.: Long sword |    13 |    17 |       |       ||    30
       Scimitar          |       |       |       |     3 ||     3

Table legend:
 A = Non-vault XP
 B = Vault XP
 C = Vault XP percentage of total XP
 D = Non-vault monster count
 E = Vault monster count
 F = Vault count percentage of total count
                 A         B        C        D         E       F
            +---------+---------+-------+---------+---------+-------
      Total |   14920 |    9786 |  39.6 |     246 |      58 |  19.1
            +---------+---------+-------+---------+---------+-------
        D:1 |      20 |      10 |  33.3 |       9 |      10 |  52.6
        D:2 |      24 |      45 |  65.2 |      14 |       5 |  26.3
        D:3 |      80 |      80 |  50.0 |      30 |       5 |  14.3
        D:4 |     207 |       0 |   0.0 |       6 |       0 |   0.0
        D:5 |     858 |     395 |  31.5 |      18 |       5 |  21.7
        D:6 |    1555 |     267 |  14.7 |      39 |       1 |   2.5
        D:7 |    1630 |    1895 |  53.8 |      31 |       6 |  16.2
        D:8 |    1414 |     274 |  16.2 |      26 |       1 |   3.7
        D:9 |    1951 |     355 |  15.4 |      19 |       1 |   5.0
       D:10 |    3210 |    1237 |  27.8 |      23 |       2 |   8.0
       D:11 |    1416 |    2718 |  65.7 |      18 |      17 |  48.6
     Lair:1 |    2334 |    1490 |  39.0 |      12 |       3 |  20.0
     Lair:2 |     221 |    1020 |  82.2 |       1 |       2 |  66.7
            +---------+---------+-------+---------+---------+-------
